 Dungeon Crawl Stone Soup version 0.21-a0-538-gd16b88a (webtiles) character file.

58 polly the Skirmisher (level 3, 0/29 HPs)
             Began as a Demonspawn Berserker on Dec 16, 2017.
             Was a Believer of Trog.
             Killed from afar by an orc wizard (6 damage)
             ... with a puff of flame
             ... on level 3 of the Dungeon.
             The game lasted 00:01:40 (1196 turns).

polly the Skirmisher (Demonspawn Berserker)         Turns: 1196, Time: 00:01:41

Health: 0/29       AC:  6    Str: 18    XL:     3   Next: 75%
Magic:  0/3        EV: 10    Int:  8    God:    Trog [**....]
Gold:   127        SH:  0    Dex: 12    Spells: 2/2 levels left

rFire    . . .     SeeInvis .   a - +0 hand axe
rCold    . . .     Gourm    .   (no shield)
rNeg     . . .     Faith    .   e - +0 scale mail
rPois    .         Spirit   +   (no helmet)
rElec    .         Reflect  .   (no cloak)
rCorr    .         Harm     .   (no gloves)
MR       .....                  (no boots)
Stlth    ..........             (no amulet)
HPRegen  0.09/turn              (no ring)
MPRegen  0.08/turn              (no ring)

@: no status effects
A: magic shield
a: Berserk, Trog's Hand, Burn Spellbooks, Renounce Religion


You were on level 3 of the Dungeon.
You worshipped Trog.
Trog was pleased with you.
You were not hungry.

You visited 1 branch of the dungeon, and saw 3 of its levels.

You collected 127 gold pieces.

Inventory:

Hand Weapons
 a - a +0 hand axe (weapon)
Armour
 e - a +0 scale mail (worn)
Jewellery
 i - a cursed ring of teleportation {unknown}
Scrolls
 d - a scroll of teleportation {unknown}
 f - 3 scrolls of remove curse {unknown}
 g - a scroll of identify {unknown}
 k - a scroll of fear {unknown}
Potions
 b - a potion of curing {unknown}
 h - a potion of invisibility {unknown}
 j - 2 potions of haste {unknown}
Comestibles
 c - 3 bread rations
 l - a chunk of flesh


   Skills:
 + Level 3.5 Fighting
 + Level 3.5 Axes
 + Level 2.1 Armour
 + Level 2.0 Dodging


You had 2 spell levels left.
You didn't know any spells.

Dungeon Overview and Level Annotations

Branches:
Dungeon (3/15)

Altars:
Okawaru
Zin


Innate Abilities, Weirdness & Mutations

When hurt, damage is shared between your health and your magic reserves.


Message History

The orc hits you but does no damage. Something hits you but does no damage.
The orc wizard casts a spell at you. The orc barely misses you.
You closely miss something. The orc barely misses you.
You miss something.
The orc wizard gestures at you while chanting.
You hear some strange, mumbled words.
A puff of flame appears from out of thin air!
The puff of flame hits you!
* * * LOW HITPOINT WARNING * * *
The orc hits you but does no damage.
You miss something.
The orc wizard gestures wildly while chanting.
The orc wizard blinks!
The orc wizard mumbles some strange words.
The orc wizard blinks!
You hear some strange, mumbled words.
A puff of flame appears from out of thin air!
The puff of flame hits you!
You die...

### ..# ..# ..# #####
..# #######...# #####
..###.........####o.....
.....†).........@{o.....
.####.).......####§.....
.# #)........# ..... ##
#.........# ....
#......#### ..o #..>...#
.. ######## #


You could see an orc wizard and 2 orcs.

Vanquished Creatures
  An adder (D:3)
  A dart slug (D:2)
  2 leopard geckos (D:1)
  3 orcs (D:3)
  6 bats
  3 giant cockroaches
  3 goblins
  3 hobgoblins (D:1)
  3 jackals (D:3)
  5 kobolds
  3 quokkas (D:2)
  A ball python (D:1)
  A frilled lizard (D:3)
  6 rats
41 creatures vanquished.

Notes
Turn   | Place    | Note
-------+----------+-------------------------------------------
     0 | D:1      | polly the Demonspawn Berserker began the quest for the Orb.
     0 | D:1      | Reached XP level 1. HP: 18/18 MP: 1/1
   104 | D:1      | Gained mutation: When hurt, damage is shared between your health and your magic reserves. [demonic ancestry]
   104 | D:1      | Reached XP level 2. HP: 15/24 MP: 2/2
   233 | D:1      | Reached ** piety under Trog
   619 | D:2      | Reached XP level 3. HP: 26/29 MP: 3/3
   679 | D:2      | Found a glowing silver altar of Zin.
   763 | D:2      | Found an iron altar of Okawaru.
  1196 | D:3      | Killed from afar by an orc wizard

Vault maps used:
D:1:      eino_arrival_druids_welcome
D:2:      old_standard_altar, kennysheep_okawaru_gauntlet
D:3:      first_bread, uniq_sigmund

Skill      XL: |  1  2  3 |
---------------+----------+-----
Axes           | 3 |  3.5
Armour         | 2 |  2.1
Dodging        | 2 |  2.0
Fighting       | |  3.5

Action                   || total
-------------------------++-------
Melee: Hand axe          ||   143
  Eat: Chunk             ||     1
Armor: Scale mail        ||    61
       Animal skin       ||     3
Dodge: Dodged            ||    94

Table legend:
 A = Spawn XP
 B = Non-spawn XP
 C = Spawn XP percentage of total XP
 D = Spawn monster count
 E = Non-spawn monster count
 F = Spawn count percentage of total count
 G = Total turns spent on level
                    A         B        C        D         E        F      G
               +---------+---------+-------+---------+---------+-------+---------
         Total |       0 |      83 |   0.0 |       0 |      41 |   0.0 |  1196
               +---------+---------+-------+---------+---------+-------+---------
           D:1 |       0 |      32 |   0.0 |       0 |      20 |   0.0 |   423
           D:2 |       0 |      16 |   0.0 |       0 |       9 |   0.0 |   520
           D:3 |       0 |      35 |   0.0 |       0 |      12 |   0.0 |   253
               +---------+---------+-------+---------+---------+-------+---------
